 Dungeon Crawl Stone Soup version 0.28.0 (webtiles) character file.

Game seed: 15843094329813525362

900 Hasart the Slasher (level 7, -1/59 HPs)
             Began as a Demigod Fighter on Feb 14, 2022.
             Slain by a white imp (4 damage)
             ... summoned by Eustachio
             ... on level 5 of the Dungeon.
             The game lasted 00:07:52 (5084 turns).

Hasart the Slasher (Demigod Fighter)                Turns: 5084, Time: 00:07:52

Health: -1/59      AC: 11    Str: 17    XL:     7   Next: 50%
Magic:  9/9        EV:  8    Int: 10    God:
Gold:   181        SH:  6    Dex: 21    Spells: 6/6 levels left

rFire   . . .      SeeInvis .   a - +0 long sword
rCold   . . .      Faith    .   c - +0 buckler
rNeg    . . .      Spirit   .   m - +0 chain mail
rPois   .          Reflect  .   t - +0 helmet
rElec   .          Harm     .   (no cloak)
rCorr   +          Rampage  +   (no gloves)
Will    .....                   h - +0 pair of boots {rampage}
Stlth   ..........              (no amulet)
HPRegen 0.19/turn               l - ring of resist corrosion
MPRegen 0.11/turn               (no ring)

@: no status effects
A: high MP 1, forlorn, divine attributes
a: no special abilities


You were on level 5 of the Dungeon.
You visited 1 branch of the dungeon, and saw 6 of its levels.

You collected 214 gold pieces.
You spent 33 gold pieces at shops.

Inventory:

Hand Weapons
 a - a +0 long sword (weapon)
Missiles
 u - 10 boomerangs (quivered)
 w - 2 throwing nets
Armour
 c - a +0 buckler (worn)
 h - a +0 pair of boots of rampaging (worn)
 m - a +0 chain mail (worn)
 t - a +0 helmet (worn)
Jewellery
 l - a ring of resist corrosion (left hand)
 y - a ring of see invisible
Scrolls
 e - 8 scrolls of identify {unknown}
 i - 2 scrolls of enchant armour {unknown}
 j - 4 scrolls of teleportation
 k - a scroll of silence {unknown}
 n - a scroll of magic mapping {unknown}
 q - a scroll of immolation {unknown}
 r - a scroll of amnesia {unknown}
 s - a scroll of vulnerability {unknown}
 z - a scroll of blinking {unknown}
Potions
 b - a potion of heal wounds {unknown}
 d - 2 potions of might
 f - a potion of magic {unknown}
 g - 3 potions of curing {unknown}
 o - 2 potions of cancellation {unknown}
 p - a potion of degeneration {unknown}
 v - 3 potions of flight {unknown}
 x - a potion of lignification {unknown}


   Skills:
 + Level 4.1 Fighting
 * Level 4.7 Long Blades
 + Level 1.8 Throwing
 + Level 4.1 Armour
 + Level 2.9 Dodging
 + Level 4.1 Shields


You had 6 spell levels left.
You didn't know any spells.
Your spell library contained the following spells:

 Spells                   Type           Power      Damage    Failure   Level
 Ensorcelled Hibernation  Hex/Ice        0%         N/A       100%        2
 Animate Armour           Summ/Erth      0%         N/A       100%        4
 Lee's Rapid Deconstruct  Erth           0%         3d5*      100%        5
 Shatter                  Erth           0%         3d5*      100%        9


Dungeon Overview and Level Annotations

Branches:
Dungeon (6/15)
 Temple: D:4-7

Shops:
D:5 ?

Annotations:
D:3 1 runed translucent door, Crazy Yiuf
D:4 Duvessa
D:5 Eustachio


Innate Abilities, Weirdness & Mutations

You have an increased reservoir of magic. (+10% MP)
You shall have no god before yourself.
Your divine heritage dramatically boosts your attributes as you level up.


Message History

The ufetubus closely misses you.
The quokka bites you but does no damage.
The river rat bites you.
* * * LOW HITPOINT WARNING * * *
The white imp closely misses you. The crimson imp barely misses you.
You block the bat's attack.
Eustachio mumbles some strange words.
Eustachio blinks!
You block the quokka's attack. The ufetubus barely misses you.
The ufetubus closely misses you.
The river rat twitches its whiskers.
The river rat bites you.
* * * LOW HITPOINT WARNING * * *
You block the bat's attack. The white imp gestures at you.
The puff of frost hits you.
* * * LOW HITPOINT WARNING * * *
The crimson imp hits you but does no damage.
The bat barely misses you.
Unknown command.
The bat hits you but does no damage.
The crimson imp disappears for a moment.
Unknown command.
Throw: 10 boomerangs
Press: ? - help, Q - select action, (/) - cycle Shift-Dir - straight line, f/p - Eustachio
Aim: Eustachio, wielding a +0 vampiric falchion and wearing a +0 leather armour (heavily wounded, 54% to hit)
You throw a boomerang. The boomerang barely misses Eustachio.
The bat closely misses you. The bat barely misses you.
The bat hits you but does no damage. You block the quokka's attack.
The crimson imp blinks!
You slash Eustachio!
Eustachio is almost dead.
You block the bat's attack. The quokka barely misses you.
The white imp hits you but does no damage.
Eustachio gestures wildly while chanting.
Eustachio blinks!
The river rat barely misses you.
The quokka bites you but does no damage.
The bat closely misses you. You block the bat's attack. The white imp hits you.
* * * LOW HITPOINT WARNING * * *
The white imp freezes you.
You die...

.....r# #..(.........# ......#
##............# ......#
#..#..........# ...(..###
#######.##.....####..
......@.#####..............###...
......#.....#..>.........#..##(#.
......#####.....rr......###......
####### ##.....b5..........####.
#......@55...####### #.
####....b....# #. #........@# #.
#.........# ## #.........#
###########


You could see Eustachio, a crimson imp (summoned), a river rat (summoned), a
white imp (summoned), an ufetubus (summoned), a quokka (summoned) and 2 bats.

Vanquished Creatures
  Sigmund (D:3)
  A centaur (D:5)
  A phantom (D:5)
  Blork the orc (D:4)
  2 scorpions
  2 howler monkeys
  3 hounds (D:5)
  An iguana (D:5)
  Natasha (D:3)
  Terence (D:3)
  Robin (D:4)
  3 gnolls (D:5)
  2 adders
  A shadow imp (D:5)
  A white imp (D:5)
  2 worms (D:2)
  A dart slug (D:1)
  6 orcs
  5 bats (D:1)
  3 endoplasms
  6 giant cockroaches
  8 hobgoblins
  4 jackals (D:4)
  7 kobolds
  4 quokkas
  9 ball pythons
  3 frilled lizards
  9 goblins
  4 rats
93 creatures vanquished.

Vanquished Creatures (others)
  4 plants (D:3)
4 creatures vanquished.

Grand Total: 97 creatures vanquished

Notes
Turn   | Place    | Note
-------+----------+-------------------------------------------
     0 | D:1      | Hasart the Demigod Fighter began the quest for the Orb.
     0 | D:1      | Reached XP level 1. HP: 18/18 MP: 3/3
   339 | D:1      | Reached XP level 2. HP: 20/25 MP: 4/4
  1313 | D:1      | Reached XP level 3. HP: 30/30 MP: 5/5
  1810 | D:2      | Reached skill level 1 in Dodging
  2075 | D:3      | Noticed Sigmund
  2086 | D:3      | Killed Sigmund
  2087 | D:3      | Reached XP level 4. HP: 35/38 MP: 6/6
  2087 | D:3      | Reached XP level 5. HP: 42/45 MP: 7/7
  2311 | D:3      | Noticed Terence
  2320 | D:3      | Killed Terence
  2441 | D:3      | Noticed Natasha
  2462 | D:3      | Killed Natasha
  2777 | D:3      | Found a runed translucent door.
  2778 | D:3      | Noticed Crazy Yiuf
  3224 | D:4      | Noticed Blork the orc
  3248 | D:4      | Killed Blork the orc
  3249 | D:4      | Reached XP level 6. HP: 39/51 MP: 8/8
  4006 | D:4      | Noticed Robin
  4032 | D:4      | Killed Robin
  4147 | D:4      | Reached skill level 1 in Throwing
  4205 | D:4      | Noticed Duvessa
  4253 | D:5      | Entered Level 5 of the Dungeon
  4253 | D:5      | Found Ucext's Magic Scroll Boutique.
  4259 | D:5      | Bought a scroll of teleportation for 33 gold pieces
  4461 | D:5      | Reached XP level 7. HP: 56/58 MP: 9/9
  4769 | D:5      | Got Sif Muna's Catalogue of Captivating Clay
  5001 | D:6      | Noticed Eustachio
  5084 | D:5      | Slain by a white imp

Illustrated notes

Levels and vault maps discovered:
D:1:      dpeg_arrival_radiant, layout_loops_corners,
          chequers_ecumenical_altar_island, minmay_misc_feat_plants,
          glass_columns_c, st_stairs_1
D:2:      layout_basic, basic_altar
D:3:      layout_loops_corners, mainiacjoe_overflow_boulevard, uniq_sigmund,
          uniq_natasha, uniq_terence, uniq_crazy_yiuf_cottage
D:4:      layout_loops_corners, uniq_robin, uniq_duvessa, uniq_blork_the_orc
D:5:      layout_rooms, serial_shops, nicolae_shop_crystal
D:6:      layout_loops_ring, serial_glass, glass_columns_a, glass_columns_a,
          due_unseen_surprise, feat_on_display, minmay_strange_pillars,
          minmay_strange_pillars, hangedman_minor_gate_pass, uniq_eustachio

Skill      XL: |  1  2  3  4  5  6  7 |
---------------+----------------------+-----
Long Blades    | 2 3 4 |  4.7
Armour         | 3 4 |  4.1
Dodging        | 1 2 |  2.9
Shields        | 3 4 |  4.1
Fighting       | 3 4 |  4.1
Throwing       | 1 |  1.8

Action                   |  1- 3 |  4- 6 |  7- 9 || total
-------------------------+-------+-------+-------++-------
Melee: Long sword        |   108 |   155 |    72 ||   335
Throw: Boomerang         |       |     4 |    13 ||    17
  Use: Potion            |     1 |       |       ||     1
Armor: Scale mail        |    43 |       |       ||    43
       Chain mail        |    11 |    81 |    80 ||   172
Dodge: Dodged            |    40 |    44 |    62 ||   146
Block: Buckler           |    22 |    41 |    54 ||   117
